 Dungeon Crawl Stone Soup version 0.19.5 (webtiles) character file.

361 volk64 the Ducker (level 6, -4/61 HPs)
             Began as a Troll Fighter on Mar 19, 2017.
             Was an Initiate of Okawaru.
             Slain by Sigmund
             ... wielding a +0 scythe
              (9 damage)
             ... on level 5 of the Dungeon.
             The game lasted 00:10:51 (3273 turns).

volk64 the Ducker (Troll Fighter)                   Turns: 3273, Time: 00:10:52

Health: -4/61      AC:  6    Str: 26    XL:     6   Next: 38%
Magic:  1/1        EV:  9    Int:  4    God:    Okawaru [......]
Gold:   234        SH:  9    Dex: 10    Spells: 0 memorised, 5 levels left

rFire  . . .     SeeInvis .     w - +5 mace "Worm" {antimagic, MR+}
rCold  . . .     Gourm    +     a - +0 robe
rNeg   . . .     Faith    .     b - +0 shield
rPois  .         Spirit   .     (helmet restricted)
rElec  .         Reflect  .     g - +0 cloak
rCorr  .         Harm     .     (gloves unavailable)
MR     +....                    (boots unavailable)
Stlth  +.........               (no amulet)
                                (no ring)
                                (no ring)

@: no status effects
A: unfitting armour, claws 3, fast metabolism 3, gourmand, regeneration 1,
shaggy fur 1, tough skin 2
a: Renounce Religion


You were on level 5 of the Dungeon.
You worshipped Okawaru.
Okawaru was noncommittal.
You were full.

You visited 1 branch of the dungeon, and saw 5 of its levels.

You collected 234 gold pieces.

Inventory:

Hand Weapons
 j - a +1 dagger of venom
 l - a +1 short sword
 s - a +1 flail
 w - the +5 mace "Worm" (weapon) {antimagic, MR+}
   (You found it on level 5 of the Dungeon)

   It reduces the magical energy of the wielder, and disrupts the spells and
   magical abilities of those hit.
   Natural abilities and divine invocations are not affected.
   It affects your resistance to hostile enchantments.
Armour
 a - a +0 robe (worn)
 b - a +0 shield (worn)
 g - a +0 cloak (worn)
Jewellery
 k - a cursed ring of loudness
 r - an uncursed ring of poison resistance {unknown}
Scrolls
 e - a scroll of amnesia
 h - a scroll of remove curse
 i - a scroll of identify
 t - a scroll of fear {unknown}
Potions
 c - a potion of might
 f - a potion of degeneration
 m - a potion of brilliance {unknown}
 n - a potion of mutation {unknown}
 o - a potion of ambrosia {unknown}
 p - 2 potions of magic {unknown}
 v - 2 potions of flight
 x - a potion of haste {unknown}
Books
 u - a book of Minor Magic

   Spells                             Type                      Level
   a - Magic Dart                     Conjuration                  1
   b - Blink                          Translocation                2
   c - Call Imp                       Summoning                    2
   d - Repel Missiles                 Charms/Air                   2
   e - Slow                           Hexes                        2
   f - Conjure Flame                  Conjuration/Fire             3
   g - Mephitic Cloud                 Conjuration/Poison/Air       3
Comestibles
 d - 4 bread rations
 q - a slice of pizza


   Skills:
 + Level 3.2 Fighting
 + Level 1.5 Short Blades
 + Level 1.5 Maces & Flails
 + Level 3.4 Dodging
 + Level 0.5 Stealth
 + Level 3.4 Shields
 + Level 3.2 Unarmed Combat


You had 5 spell levels left.
You didn't know any spells.

Dungeon Overview and Level Annotations

Branches:
Dungeon (5/15)
 Temple: D:4-7

Altars:
Fedhas
Okawaru
Ru
Trog
Zin

Shops:
D:4 *}*:

Annotations:
D:4 Shoikan's ghost, novice MiBe
D:5 Sigmund


Innate Abilities, Weirdness & Mutations

You are too large for most types of armour.
You have claws for hands.
Your metabolism is lightning-fast.
You like to eat raw meat.
Your natural rate of healing is unusually fast.
You are covered in fur. (AC +1)
You have very tough skin. (AC +2)


Message History

The gnoll barely misses you. Something hits you! The gnoll closely misses you.
The gnoll hits you from afar with a spear.
Something hits you. The gnoll hits you with a flail.
The gnoll hits you with a spear.
You see here a scorpion corpse.
The gnoll hits you with a spear! You block something's attack.
You hit the gnoll but do no damage.
You hear the brisk hiss of a very distant avalanche of sand.
The gnoll closely misses you. The gnoll completely misses you.
You hit the gnoll but do no damage. Something hits you.
You block the gnoll's attack. x2
You barely miss the gnoll. The gnoll hits you with a spear. Something hits you!
* * * LOW HITPOINT WARNING * * *
You block the gnoll's attack. x2
You sock the gnoll!
The gnoll is severely wounded.
The gnoll hits you with a flail!
* * * LOW HITPOINT WARNING * * *
Something hits you!
You die...

.# #....##'## .####........#
.g..g........# ###########
.####........# #.........# ##
#........########.........#
#####..........##.........#
###'#......##.........#
#.#......##.........#
#######'#.{g@..##.##...##.##
#...........g..#...#####...##
#................#...(...#..#
#..............#...#####...##
#........########.## ##.###
#........# #...#.# #.#..
#........# #...#.# #.#.(
########## #...#.# #.#..
#..##.## ##.##.


You could see 2 gnolls.

Vanquished Creatures
  A sky beast (D:3)
  A scorpion (D:5)
  A jelly (D:5)
  Ijyb (D:3)
  A worker ant (D:4)
  4 adders (D:2)
  3 oozes
  3 worms
  A dart slug (D:1)
  4 leopard geckos
  6 orcs (D:3)
  A giant cockroach (D:2)
  9 hobgoblins
  3 jackals (D:2)
  2 ball pythons
  5 bats
  7 frilled lizards
  15 goblins
  7 kobolds
  7 rats
82 creatures vanquished.

Notes
Turn   | Place    | Note
-------+----------+-------------------------------------------
     0 | D:1      | volk64 the Troll Fighter began the quest for the Orb.
     0 | D:1      | Reached XP level 1. HP: 22/22 MP: 0/0
   122 | D:1      | Reached XP level 2. HP: 29/29 MP: 1/1
   680 | D:2      | Found a sacrificial altar of Ru.
   685 | D:2      | Became a worshipper of Ru the Awakened
   712 | D:2      | Reached XP level 3. HP: 36/36 MP: 2/2
  1143 | D:2      | Reached XP level 4. HP: 37/44 MP: 3/3
  1265 | D:2      | Found an iron altar of Okawaru.
  1276 | D:2      | Fell from the grace of Ru
  1276 | D:2      | Became a worshipper of Warmaster Okawaru
  1554 | D:2      | Found a blossoming altar of Fedhas.
  1777 | D:3      | Noticed a sky beast
  1815 | D:3      | Killed a sky beast
  1815 | D:3      | Reached skill level 1 in Short Blades
  1815 | D:3      | Reached XP level 5. HP: 29/53 MP: 4/4
  1941 | D:3      | Found a bloodstained altar of Trog.
  2047 | D:3      | Noticed Ijyb
  2063 | D:3      | Killed Ijyb
  2144 | D:3      | Noticed an angel
  2145 | D:3      | Found a glowing silver altar of Zin.
  2500 | D:4      | Noticed Shoikan's ghost (novice MiBe)
  2643 | D:4      | Reached XP level 6. HP: 43/61 MP: 5/5
  2755 | D:4      | Reached skill level 1 in Maces & Flails
  2883 | D:4      | Found Jalyud's General Store.
  2887 | D:4      | Found Kadeupim's Gadget Boutique.
  2888 | D:4      | Found Ejawucro's Book Boutique.
  2888 | D:4      | Found Plog's General Store.
  2920 | D:5      | Entered Level 5 of the Dungeon
  3009 | D:5      | Got a pitted mace
  3010 | D:5      | Identified the +5 mace "Worm" {antimagic, MR+} (You found it on level 5 of the Dungeon)
  3215 | D:5      | Noticed Sigmund
  3273 | D:5      | Slain by Sigmund

Skill      XL: |  1  2  3  4  5  6 |
---------------+-------------------+-----
Unarmed Combat | 3 |  3.2
Shields        | 3 |  3.4
Fighting       | 3 |  3.2
Short Blades   | 1 |  1.5
Dodging        | 3 |  3.4
Maces & Flails | 1 |  1.5
Stealth        | |  0.5

Action                   |  1- 3 |  4- 6 || total
-------------------------+-------+-------++-------
Melee: Unarmed           |   110 |    10 ||   120
       Short sword       |       |    97 ||    97
       Flail             |       |   121 ||   121
       Mace              |       |    12 ||    12
  Use: Scroll            |     6 |     3 ||     9
       Potion            |     3 |     2 ||     5
 Stab: Sleeping          |     1 |     2 ||     3
  Eat: Chunk             |    16 |    17 ||    33
Armor: Robe              |    41 |    93 ||   134
Dodge: Dodged            |    31 |    92 ||   123
Block: Shield            |    60 |   121 ||   181
